| TOP OF THE 1ST |
|
Indianapolis Indians batting - Pitching for Sacramento River Cats : RHP Jorge Sosa
|
|
Pitching: RHP Jorge Sosa
|
|
|
Batting: SHB Francisco Gutierrez
|
0-0: Ball 1-0: Ball 2-0: Foul Ball, location: 2F 2-1: Ground out 4-3 (Groundball, 4, EV 104.4 MPH)
|
|
Batting: RHB Caleb Russell
|
0-0: Called Strike 0-1: DOUBLE (Line Drive, 7LS, EV 99.4 MPH)
|
|
Batting: LHB Jorge Quintana
|
0-0: Ball 1-0: Called Strike 1-1: Ball 2-1: 2-RUN HOME RUN (Flyball, 9D, EV 104.4 MPH), Distance : 399 ft
|
|
Batting: SHB Ben Myers
|
0-0: Ball 1-0: Called Strike 1-1: Foul Ball, location: 2F 1-2: Foul Ball, location: 2F 1-2: Foul Ball, location: 2F 1-2: DOUBLE (Line Drive, 9LM, EV 101.2 MPH)
|
|
Batting: SHB Louie Horne
|
0-0: Ball 1-0: Fly out, F6 (Popup, 6M, EV 56.9 MPH)
|
|
Batting: SHB Trevor Weareorwear
|
0-0: Called Strike 0-1: Swinging Strike 0-2: Ball 1-2: Ball 2-2: Strikes out looking
|
| Top of the 1st over - 2 runs, 3 hits, 0 errors, 1 left on base; Indianapolis 2 - Sacramento 0 |
| BOTTOM OF THE 1ST |
|
Sacramento River Cats batting - Pitching for Indianapolis Indians : RHP Justin Jones
|
|
Pitching: RHP Justin Jones
|
|
|
Batting: RHB Bill Defazio
|
0-0: Ball 1-0: Ball 2-0: SINGLE (Line Drive, 7LM, EV 103.1 MPH)
|
|
Batting: LHB Ryan Braden
|
0-0: Called Strike Bill Defazio steals 2nd base 0-1: Called Strike 0-2: Ball 1-2: DOUBLE (Line Drive, 78XD, EV 101.2 MPH) Bill Defazio scores
|
|
Batting: LHB Kevin Kantor
|
0-0: Swinging Strike 0-1: SINGLE (Line Drive, 6D, EV 96.9 MPH) Ryan Braden to third Runner from 3rd tries for Home, throw by LF and OUT! 7-2
|
|
Batting: LHB Willie Ceniceros
|
0-0: Ball Kevin Kantor steals 2nd base 1-0: Called Strike 1-1: Called Strike 1-2: Strikes out swinging
|
|
Batting: RHB Hugo Zacarias
|
0-0: Foul Ball, location: 2F 0-1: Ground out 6-3 (Groundball, 4MS, EV 62.5 MPH)
|
| Bottom of the 1st over - 1 run, 3 hits, 0 errors, 1 left on base; Indianapolis 2 - Sacramento 1 |
| TOP OF THE 2ND |
|
Indianapolis Indians batting - Pitching for Sacramento River Cats : RHP Jorge Sosa
|
|
Batting: RHB Matt Keef
|
0-0: Swinging Strike 0-1: Called Strike 0-2: Strikes out swinging
|
|
Batting: RHB Danny Gallegos
|
0-0: Called Strike 0-1: Ball 1-1: Ground out 6-3 (Groundball, 6S, EV 79.4 MPH)
|
|
Batting: RHB Slamet Pamungkas
|
0-0: Called Strike 0-1: Ball 1-1: Fly out, F9 (Line Drive, 9S, EV 103.1 MPH)
|
| Top of the 2nd over - 0 runs, 0 hits, 0 errors, 0 left on base; Indianapolis 2 - Sacramento 1 |
| BOTTOM OF THE 2ND |
|
Sacramento River Cats batting - Pitching for Indianapolis Indians : RHP Justin Jones
|
|
Batting: RHB Laroya Foronda
|
0-0: Fly out, F5 (Popup, 5F, EV 73.1 MPH)
|
|
Batting: RHB Adam Solesbee
|
0-0: Ball 1-0: Foul Ball, location: 2F 1-1: Foul Ball, location: 2F 1-2: Ball 2-2: Fly out, F8 (Flyball, 8LXD, EV 103.8 MPH)
|
|
Batting: LHB Nick Swank
|
0-0: SINGLE (Groundball, 34D, EV 107.5 MPH)
|
|
Batting: RHB Jack Toole
|
0-0: Ball 1-0: Ground out 5-3 (Groundball, 5S, EV 70.6 MPH)
|
| Bottom of the 2nd over - 0 runs, 1 hit, 0 errors, 1 left on base; Indianapolis 2 - Sacramento 1 |
| TOP OF THE 3RD |
|
Indianapolis Indians batting - Pitching for Sacramento River Cats : RHP Jorge Sosa
|
|
Batting: SHB Francisco Gutierrez
|
0-0: Ball 1-0: Called Strike 1-1: Ball 2-1: Ground out 5-3 (Groundball, 56, EV 83.1 MPH)
|
|
Batting: RHB Caleb Russell
|
0-0: Called Strike 0-1: Swinging Strike 0-2: Ball 1-2: Strikes out swinging
|
|
Batting: LHB Jorge Quintana
|
0-0: Ball 1-0: Called Strike 1-1: Ball 2-1: Foul Ball, location: 2F 2-2: Strikes out looking
|
| Top of the 3rd over - 0 runs, 0 hits, 0 errors, 0 left on base; Indianapolis 2 - Sacramento 1 |
| BOTTOM OF THE 3RD |
|
Sacramento River Cats batting - Pitching for Indianapolis Indians : RHP Justin Jones
|
|
Batting: RHB Bill Defazio
|
0-0: SINGLE (Groundball, 34D, EV 95.6 MPH)
|
|
Batting: LHB Ryan Braden
|
0-0: Called Strike 0-1: Ball 1-1: Swinging Strike 1-2: Strikes out swinging
|
|
Batting: LHB Kevin Kantor
|
0-0: Ball 1-0: Ball 2-0: Called Strike 2-1: Swinging Strike 2-2: Strikes out swinging
|
|
Batting: LHB Willie Ceniceros
|
0-0: Called Strike 0-1: Ball 1-1: Ball 2-1: SINGLE (Groundball, 34, EV 96.9 MPH) Bill Defazio to second Runner from 2nd tries for 3rd, OUT! 9-5
|
| Bottom of the 3rd over - 0 runs, 2 hits, 0 errors, 1 left on base; Indianapolis 2 - Sacramento 1 |
| TOP OF THE 4TH |
|
Indianapolis Indians batting - Pitching for Sacramento River Cats : RHP Jorge Sosa
|
|
Batting: SHB Ben Myers
|
0-0: Called Strike 0-1: Ball 1-1: Ball 2-1: Foul Ball, location: 2F 2-2: Foul Ball, location: 2F 2-2: Foul Ball, location: 2F 2-2: Strikes out looking
|
|
Batting: SHB Louie Horne
|
0-0: Called Strike 0-1: Ball 1-1: Called Strike 1-2: SOLO HOME RUN (Flyball, 7D, EV 98.8 MPH), Distance : 396 ft
|
|
Batting: SHB Trevor Weareorwear
|
0-0: Ball 1-0: Fly out, F9 (Flyball, 9, EV 94.4 MPH)
|
|
Batting: RHB Matt Keef
|
0-0: Called Strike 0-1: Ball 1-1: Swinging Strike 1-2: Ball 2-2: Strikes out swinging
|
| Top of the 4th over - 1 run, 1 hit, 0 errors, 0 left on base; Indianapolis 3 - Sacramento 1 |
| BOTTOM OF THE 4TH |
|
Sacramento River Cats batting - Pitching for Indianapolis Indians : RHP Justin Jones
|
|
Batting: RHB Hugo Zacarias
|
0-0: Called Strike 0-1: Fly out, F8 (Flyball, 8LS, EV 76.9 MPH)
|
|
Batting: RHB Laroya Foronda
|
0-0: Swinging Strike 0-1: Called Strike 0-2: Ball 1-2: Strikes out swinging
|
|
Batting: RHB Adam Solesbee
|
0-0: Ball 1-0: Ground out 6-3 (Groundball, 56, EV 101.2 MPH)
|
| Bottom of the 4th over - 0 runs, 0 hits, 0 errors, 0 left on base; Indianapolis 3 - Sacramento 1 |
| TOP OF THE 5TH |
|
Indianapolis Indians batting - Pitching for Sacramento River Cats : RHP Jorge Sosa
|
|
Batting: RHB Danny Gallegos
|
0-0: Called Strike 0-1: Ball 1-1: Swinging Strike 1-2: Foul Ball, location: 2F 1-2: Ground out 4-3 (Groundball, 4, EV 88.1 MPH)
|
|
Batting: RHB Slamet Pamungkas
|
0-0: Ball 1-0: Ground out 4-3 (Groundball, 4, EV 108.8 MPH)
|
|
Batting: SHB Francisco Gutierrez
|
0-0: Ball 1-0: Called Strike 1-1: Ball 2-1: Foul Ball, location: 2F 2-2: Strikes out swinging
|
| Top of the 5th over - 0 runs, 0 hits, 0 errors, 0 left on base; Indianapolis 3 - Sacramento 1 |
| BOTTOM OF THE 5TH |
|
Sacramento River Cats batting - Pitching for Indianapolis Indians : RHP Justin Jones
|
|
Batting: LHB Nick Swank
|
0-0: Ball 1-0: Ball 2-0: Called Strike 2-1: Foul Ball, location: 2F 2-2: Foul Ball, location: 2F 2-2: Ball 3-2: Fly out, F8 (Flyball, 8LXD, EV 80.0 MPH)
|
|
Batting: RHB Jack Toole
|
0-0: Called Strike 0-1: Ball 1-1: Ball 2-1: Foul Ball, location: 2F 2-2: Ball 3-2: Foul Ball, location: 2F 3-2: Base on Balls
|
|
Batting: RHB Bill Defazio
|
0-0: Ball Jack Toole steals 2nd base (no throw) 1-0: 2-RUN HOME RUN (Flyball, 9LD, EV 93.8 MPH), Distance : 344 ft
|
|
Batting: LHB Ryan Braden
|
0-0: Ball 1-0: DOUBLE (Flyball, 8RXD, EV 103.1 MPH)
|
|
Batting: LHB Kevin Kantor
|
0-0: Ground out 4-3 (Groundball, 4, EV 103.1 MPH) Ryan Braden to third
|
|
Batting: LHB Willie Ceniceros
|
0-0: Called Strike 0-1: Ball 1-1: Foul Ball, location: 2F 1-2: Strikes out swinging
|
| Bottom of the 5th over - 2 runs, 2 hits, 0 errors, 1 left on base; Indianapolis 3 - Sacramento 3 |
| TOP OF THE 6TH |
|
Indianapolis Indians batting - Pitching for Sacramento River Cats : RHP Jorge Sosa
|
|
Batting: RHB Caleb Russell
|
0-0: Ball 1-0: DOUBLE (Flyball, 8RXD, EV 94.4 MPH)
|
|
Batting: LHB Jorge Quintana
|
0-0: Ball 1-0: Ball Wild Pitch! Caleb Russell to third 2-0: Foul Ball, location: 2F 2-1: Foul Ball, location: 2F 2-2: TRIPLE (Flyball, 78D, EV 113.1 MPH) Caleb Russell scores
|
|
Batting: SHB Ben Myers
|
0-0: Ball 1-0: Swinging Strike 1-1: Ball 2-1: Ground out 4-3 (Groundball, 34, EV 97.5 MPH)
|
|
Batting: SHB Louie Horne
|
0-0: Fly out, F7 (Flyball, 7, EV 90.6 MPH)
|
|
Batting: SHB Trevor Weareorwear
|
0-0: Foul Ball, location: 2F 0-1: Swinging Strike 0-2: Ball 1-2: Foul Ball, location: 2F 1-2: Ball 2-2: Ball 3-2: Ground out 5-3 (Groundball, 5, EV 107.5 MPH)
|
| Top of the 6th over - 1 run, 2 hits, 0 errors, 1 left on base; Indianapolis 4 - Sacramento 3 |
| BOTTOM OF THE 6TH |
|
Sacramento River Cats batting - Pitching for Indianapolis Indians : RHP Justin Jones
|
|
Batting: RHB Hugo Zacarias
|
0-0: Called Strike 0-1: Swinging Strike 0-2: Ball 1-2: Fly out, F9 (Flyball, 89D, EV 96.9 MPH)
|
|
Batting: RHB Laroya Foronda
|
0-0: Ball 1-0: Called Strike 1-1: Called Strike 1-2: Ball 2-2: Ground out 5-3 (Groundball, 5S, EV 83.8 MPH)
|
|
Batting: RHB Adam Solesbee
|
0-0: Called Strike 0-1: Ball 1-1: Ball 2-1: Ground out 6-3 (Groundball, 6, EV 84.4 MPH)
|
| Bottom of the 6th over - 0 runs, 0 hits, 0 errors, 0 left on base; Indianapolis 4 - Sacramento 3 |
| TOP OF THE 7TH |
|
Indianapolis Indians batting - Pitching for Sacramento River Cats : RHP Jorge Sosa
|
|
Batting: RHB Matt Keef
|
0-0: Ball 1-0: Called Strike 1-1: Ball 2-1: Ball 3-1: SINGLE (Groundball, 5D, EV 94.4 MPH)
|
|
Batting: RHB Danny Gallegos
|
0-0: Ball 1-0: Foul Ball, location: 2F 1-1: Grounds into double play, 4-6-3 (Groundball, 4, EV 101.9 MPH)
|
|
Batting: RHB Slamet Pamungkas
|
0-0: Ball 1-0: Ground out 4-3 (Groundball, 4, EV 106.9 MPH)
|
| Top of the 7th over - 0 runs, 1 hit, 0 errors, 0 left on base; Indianapolis 4 - Sacramento 3 |
| BOTTOM OF THE 7TH |
|
Sacramento River Cats batting - Pitching for Indianapolis Indians : RHP Justin Jones
|
|
Batting: LHB Nick Swank
|
0-0: Swinging Strike 0-1: Ground out U3 (Groundball, 3L, EV 88.1 MPH)
|
|
Pinch Hitting: LHB David Ramirez
|
0-0: Foul Ball, location: 2F 0-1: Ball 1-1: Foul Ball, location: 2F 1-2: Strikes out looking
|
|
Batting: RHB Bill Defazio
|
0-0: Ball 1-0: Swinging Strike 1-1: Fly out, F5 (Popup, 5F, EV 70.0 MPH)
|
| Bottom of the 7th over - 0 runs, 0 hits, 0 errors, 0 left on base; Indianapolis 4 - Sacramento 3 |
| TOP OF THE 8TH |
|
Indianapolis Indians batting - Pitching for Sacramento River Cats : RHP Jorge Sosa
|
|
Pitching: RHP Pat Richardson
|
|
|
Now at 1B: Davey Beeson
|
|
|
Now at 2B: Kevin Kantor
|
|
|
Now at SS: Bill Defazio
|
|
|
Batting: SHB Francisco Gutierrez
|
0-0: Ball 1-0: Fly out, F9 (Line Drive, 9, EV 83.1 MPH)
|
|
Batting: RHB Caleb Russell
|
0-0: Foul Ball, location: 2F 0-1: Called Strike 0-2: Ground out 6-3 (Groundball, 6, EV 82.5 MPH)
|
|
Batting: LHB Jorge Quintana
|
0-0: Foul Ball, location: 2F 0-1: SINGLE (Groundball, 6, EV 98.1 MPH)
|
|
Batting: SHB Ben Myers
|
0-0: Fly out, F8 (Flyball, 8RD, EV 110.0 MPH)
|
| Top of the 8th over - 0 runs, 1 hit, 0 errors, 1 left on base; Indianapolis 4 - Sacramento 3 |
| BOTTOM OF THE 8TH |
|
Sacramento River Cats batting - Pitching for Indianapolis Indians : RHP Justin Jones
|
|
Batting: LHB Ryan Braden
|
0-0: Called Strike 0-1: Foul Ball, location: 2F 0-2: Foul Ball, location: 2F 0-2: Ball 1-2: Ground out 1-3 (Groundball, 13S, EV 68.8 MPH)
|
|
Batting: LHB Kevin Kantor
|
0-0: Fly out, F7 (Flyball, 7, EV 93.1 MPH)
|
|
Batting: LHB Willie Ceniceros
|
0-0: Foul Ball, location: 2F 0-1: Swinging Strike 0-2: Ball 1-2: Ball 2-2: Ground out 6-3 (Groundball, 4S, EV 86.2 MPH)
|
| Bottom of the 8th over - 0 runs, 0 hits, 0 errors, 0 left on base; Indianapolis 4 - Sacramento 3 |
| TOP OF THE 9TH |
|
Indianapolis Indians batting - Pitching for Sacramento River Cats : RHP Pat Richardson
|
|
Batting: SHB Louie Horne
|
0-0: Ball 1-0: Foul Ball, location: 2F 1-1: Ball 2-1: Foul Ball, location: 2F 2-2: Foul Ball, location: 2F 2-2: Strikes out swinging
|
|
Batting: SHB Trevor Weareorwear
|
0-0: Called Strike 0-1: Swinging Strike 0-2: Strikes out looking
|
|
Batting: RHB Matt Keef
|
0-0: Ball 1-0: Called Strike 1-1: Foul Ball, location: 2F 1-2: Ball 2-2: Strikes out swinging
|
| Top of the 9th over - 0 runs, 0 hits, 0 errors, 0 left on base; Indianapolis 4 - Sacramento 3 |
| BOTTOM OF THE 9TH |
|
Sacramento River Cats batting - Pitching for Indianapolis Indians : RHP Justin Jones
|
|
Pitching: RHP Kody Mason
|
|
|
Batting: RHB Hugo Zacarias
|
0-0: Ball 1-0: Ball 2-0: Foul Ball, location: 2F 2-1: Ground out 5-3 (Groundball, 5L, EV 102.5 MPH)
|
|
Pinch Hitting: LHB Cesar Arteaga
|
0-0: Swinging Strike 0-1: Ground out 6-3 (Groundball, 6M, EV 111.9 MPH)
|
|
Batting: LHB Terry Ebersole
|
0-0: Called Strike 0-1: Ball 1-1: Ground out 4-3 (Groundball, 4, EV 78.1 MPH)
|
| Bottom of the 9th over - 0 runs, 0 hits, 0 errors, 0 left on base; Indianapolis 4 - Sacramento 3 |
|